 Dungeon Crawl Stone Soup version 0.19-a0-1225-gf887c1c (webtiles) character file.

580074 Gagarin the Eclecticist (level 27, -4/164 HPs)
             Began as a Gargoyle Earth Elementalist on Aug 19, 2016.
             Was the Champion of Vehumet.
             Slain by a dire elephant simulacrum (14 damage)
             ... led by a necromancer
             ... in the Vestibule of Hell on Aug 25, 2016.
             The game lasted 08:40:24 (73928 turns).

Gagarin the Eclecticist (GrEE)                     Turns: 73928, Time: 08:40:26

Health: -4/164     AC: 21    Str: 15    XL:     27
Magic:  30/47      EV: 23    Int: 36    God:    Vehumet [******]
Gold:   1873       SH:  9    Dex: 17    Spells: 11 memorised, 2 levels left

rFire  + + .     SeeInvis +     z - +1 rod of inaccuracy (13/13)
rCold  + . .     Gourm    .     E - +2 robe {Archmagi}
rNeg   + . .     Faith    .     J - +2 buckler {reflect}
rPois  ∞         Spirit   .     y - +0 helmet
rElec  +         Dismiss  .     g - +0 cloak of the Invisible Hand {Dex+5}
rCorr  .         Reflect  +     u - +1 pair of gloves
MR     +++++     Harm     .     S - +2 pair of boots of Calculation {rF+ Int+4}
Stlth  ++........               x - amulet of regeneration
                                X - ring "Yryuj" {rF+ MR++ Int+3 Dex+2 Stlth+}
                                t - ring of the King {rC+ Int+3 SInv Stlth-}

@: corroded, flying, very slightly contaminated
A: big wings, yellow scales 1, magic resistance 1, negative energy resistance 1,
electricity resistance, unbreathing, petrification resistance, rot immunity, AC
+20
a: Stop Flying, Renounce Religion
}: 3/15 runes: barnacled, silver, gossamer


You were in the Vestibule of Hell.
You worshipped Vehumet.
Vehumet was exalted by your worship.
You were not hungry.

You visited 9 branches of the dungeon, and saw 45 of its levels.
You visited 1 bazaar.
You also visited: Ice Cave and Volcano.

You collected 5765 gold pieces.
You spent 3892 gold pieces at shops.

Inventory:

Missiles
 b - 1300 stones (quivered)
Armour
 g - the +0 cloak of the Invisible Hand (worn) {Dex+5}
   (You found it on level 3 of the Lair of Beasts)

   It affects your dexterity (+5).
 u - a +1 pair of gloves (worn)
 y - a +0 helmet (worn)
 E - a +2 robe of the Archmagi (worn)
 J - a +2 buckler of reflection (worn)
 S - the +2 pair of boots of Calculation (worn) {rF+ Int+4}
   (You found it in an ice cave)

   It affects your intelligence (+4).
   It protects you from fire.
Magical Staves
 H - an uncursed staff of conjuration
Rods
 z - a +1 rod of inaccuracy (13/13) (in hand)
   (You bought it in a shop on level 4 of the Depths)
 W - a +7 lightning rod (12/12)
   (You found it on level 5 of the Vaults)
Jewellery
 t - the ring of the King (left hand) {rC+ Int+3 SInv Stlth-}
   (You found it on level 6 of the Lair of Beasts)

   [ring of loudness]

   It affects your intelligence (+3).
   It protects you from cold.
   It lets you see invisible.
   It makes you less stealthy.
 x - an amulet of regeneration (around neck)
 X - the ring "Yryuj" (right hand) {rF+ MR++ Int+3 Dex+2 Stlth+}
   (You found it in an ice cave)

   [ring of intelligence]

   It affects your intelligence (+3).
   It affects your dexterity (+2).
   It protects you from fire.
   It affects your resistance to hostile enchantments.
   It makes you more stealthy.
Wands
 a - a wand of heal wounds (1/9)
 o - a wand of lightning (1/15)
 N - a wand of confusion (11/48)
Scrolls
 c - a scroll of holy word
 f - 12 scrolls of identify
 i - 12 scrolls of teleportation
 j - 12 scrolls of remove curse
 C - 6 scrolls of fear
 D - a scroll of summoning
 G - 4 scrolls of amnesia
 P - a scroll of silence
 R - 8 scrolls of magic mapping
 U - 13 scrolls of fog
Potions
 e - 4 potions of resistance
 h - 4 potions of berserk rage
 k - 6 potions of brilliance
 n - 3 potions of might
 p - 4 potions of ambrosia
 q - 8 potions of curing
 w - 11 potions of agility
 K - 6 potions of haste
 O - 3 potions of cancellation
Miscellaneous
 r - 5 sacks of spiders
 B - a crystal ball of energy
 Q - a phantom mirror
Comestibles
 d - 23 bread rations
 T - a slice of pizza
 V - 5 meat rations


   Skills:
 - Level 14.5 Fighting
 - Level 13.7 Staves
 - Level 13.9 Dodging
 - Level 2.1 Stealth
 - Level 10.0 Shields
 * Level 20.5 Spellcasting
 + Level 18.6 Conjurations
 - Level 2.1 Charms
 - Level 4.2 Translocations
   Level 0.7 Transmutations
 + Level 17.1 Ice Magic
 - Level 3.2 Air Magic
 - Level 20.2 Earth Magic
 - Level 11.3 Evocations


You had 2 spell levels left.
You knew the following spells:

 Your Spells              Type           Power        Failure   Level  Hunger
a - Sandblast             Erth           ######       0%          1    None
b - Shatter               Erth           ########..   4%          9    #####..
c - Lee's Rapid Deconstr  Erth           ########..   0%          5    None
d - Bolt of Cold          Conj/Ice       ########..   1%          6    None
e - Ozocubu's Refrigerat  Ice            ########..   1%          6    None
f - Iron Shot             Conj/Erth      ########..   1%          6    None
g - Iskenderun's Battles  Conj/Chrm      ########     1%          5    None
h - Freezing Cloud        Conj/Ice/Air   ########..   1%          6    None
i - Passage of Golubria   Tloc           N/A          1%          4    None
j - Lehudib's Crystal Sp  Conj/Erth      ########..   1%          8    ###....
k - Glaciate              Conj/Ice       ########..   11%         9    #####..


Dungeon Overview and Level Annotations

Branches:
Dungeon (15/15)            Temple (0/1) D:5            Lair (6/6) D:8
 Shoals (4/4) Lair:3       Spider (4/4) Lair:3        Slime (0/5) Lair:5
    Orc (2/2) D:10            Elf (3/3) Orc:2        Vaults (5/5) D:14
  Crypt (0/3) Vaults:2     Depths (5/5) D:15           Hell (1/1)
    Zot (0/5) Depths:5
    Dis: Hell:1         Geh: Hell:1         Coc: Hell:1         Tar: Hell:1

Altars:
Ashenzari
Cheibriados
Fedhas
Gozag
Makhleb
Nemelex Xobeh
Okawaru
Qazlal
Sif Muna
Uskayaw
Vehumet
Zin
Beogh
Jiyva

Shops:
D:7 *?   D:10 (   Orc:1 (?(:*   Orc:2 [((=   Elf:1 *   Elf:3 (   Vaults:4 *
Depths:4 }=}

Portals:
Hell: Depths:1 Depths:2 Depths:3 Depths:4 Depths:5
Abyss: Depths:4
Pandemonium: Depths:2 Depths:3
Ziggurat: Depths:2

Annotations:
D:3 Grinder
Lair:5 1 runed door


Innate Abilities, Weirdness & Mutations

You are resistant to torment.
Your stone body is resilient. (AC +20)
You are immune to poison.
Your large and strong wings let you fly indefinitely.
You resist negative energy. (rN+)
You are resistant to electric shocks. (rElec)
You can survive without breathing.
You are immune to petrification.
You are immune to rotting.
You are partially covered in yellow scales. (AC +2)
You are resistant to hostile enchantments. (MR+)


Message History

The tormentor grins malevolently.
The tormentor calls on the powers of darkness!
The hell knight convulses!
Your body is wracked with pain!
* * * LOW HITPOINT WARNING * * *
The necromancer convulses!
The hell knight convulses!
The necromancer convulses!
The tentacled monstrosity is engulfed in spectral mist.
The spriggan berserker zombie closely misses you.
The necromancer casts a spell.
The necromancer flickers and vanishes for a moment.
The necromancer mumbles some strange words.
The necromancer flickers and vanishes for a moment.
You block the manticore skeleton's attack. x3
You block the reaper's attack.
The dire elephant simulacrum completely misses you.
The dire elephant simulacrum trunk-slaps you!
* * * LOW HITPOINT WARNING * * *
The dire elephant simulacrum freezes you!
You resist.
You die...

p...... # #p...###
#.##p.p...##
#..†∩)....#
##..†.p..###
####..)}..§..###
#.......4p.....#
##......3p5.2§§##
.##....p9h24.3Z@§.#
§...†...p2hX.ZZZ§......
≈.......EX4Z22..§......
≈......E§E§2Z2.........
#...h4hLZZ5.....##Z..
##....§§§Z.....## ..
##...§.......## .
##.........##
##.......##


You could see 2 tentacled monstrosities, a revenant, 2 reapers, a green death, 2
blizzard demons, 5 hell knights, a soul eater, 3 hell hogs, a sun demon, an ice
devil, 2 rust devils, a water elemental, 2 necromancers, a hellion, a tormentor,
a fire elemental, a molten gargoyle, 2 white imps, a dire elephant simulacrum, a
fire dragon zombie, a spriggan berserker zombie, a yaktaur captain zombie, a
frost giant zombie, 2 juggernaut zombies, 2 manticore skeletons and a fire giant
skeleton.

Vanquished Creatures
  Sojobo (Vaults:5)
  Saint Roka (Vaults:1)
  3 caustic shrikes
  Geryon (Hell)
  9 golden dragons
  Arachne (Spider:4)
  A hellephant (shapeshifter) (Vaults:5)
  5 liches
  An Ice Fiend (IceCv)
  Jorgrun (Spider:4)
  5 tentacled monstrosities
  Rupert (Lair:4)
  Asterion (Vaults:1)
  3 titans (Vaults:5)
  A deep elf blademaster (Elf:3)
  A quicksilver dragon (Vaults:4)
  A deep elf master archer (Elf:3)
  Gastronok (D:12)
  A kraken (Shoals:2)
  6 sphinxes
  The ghost of Duffy the Peltast, an adept MiFi of the Shining One (Depths:3)
  Polyphemus (Shoals:4)
  Agnes (Spider:4)
  4 storm dragons
  8 tengu reavers
  Donald (Elf:3)
  6 shadow dragons
  Roxanne (Elf:3)
  12 fire giants
  2 daevas (Depths:2)
  Ilsuiw (Shoals:4)
  4 emperor scorpions
  A draconian knight (Depths:5)
  2 iron dragons
  11 frost giants
  7 deep elf sorcerers
  An orc warlord (Vaults:5)
  12 vault wardens
  5 ghost moths
  A draconian zealot (Depths:5)
  Louise (Spider:4)
  4 war gargoyles
  An angel (Depths:2)
  A spriggan defender (Depths:1)
  40 very ugly things
  8 deep elf elementalists
  2 reapers (Hell)
  6 entropy weavers
  A vampire knight (Depths:2)
  15 ironheart preservers
  19 stone giants
  7 deep elf demonologists
  9 deep elf annihilators
  A black draconian (Depths:5)
  A yellow draconian (Depths:5)
  A white draconian (Depths:5)
  7 spark wasps
  Snorg (D:10)
  A red draconian (Depths:5)
  7 deep elf death magi
  13 ettins
  9 merfolk javelineers
  A crystal guardian (Vaults:3)
  11 yaktaur captains
  A green death (Hell)
  17 fire dragons
  8 merfolk impalers
  8 deep elf high priests
  Fannar (D:10)
  11 rakshasas
  13 great orbs of eyes
  38 vault guards
  8 ogre magi
  5 hydras
  Harold (D:11)
  3 catoblepae
  Erolcha (D:9)
  17 ice dragons
  5 spriggan air magi
  3 merfolk avatars
  2 death knights
  11 centaur warriors
  A monstrous demonspawn (Depths:2)
  2 merfolk aquamancers (Shoals:4)
  An alligator (shapeshifter) (Depths:4)
  An alligator snapping turtle (Shoals:2)
  An anaconda (shapeshifter) (Depths:4)
  28 dancing weapons
  18 deep troll shamans
  A satyr (Shoals:3)
  2 death yaks (Shoals:4)
  6 orc high priests
  16 deep troll earth magi
  7 spriggan berserkers
  7 tengu warriors
  4 vampire magi
  The ghost of epen the Spear-Bearer, a novice MfMo of Hepliaklqana (D:8)
  32 deep elf knights
  Sonja (Lair:4)
  A soul eater (Depths:1)
  An iron golem (Hell)
  12 hell knights
  2 small abominations (Elf:3)
  Urug (D:12)
  2 spriggans (Depths:1)
  2 fire crabs (shapeshifter)
  8 iron trolls
  2 shadow wraiths
  A salamander mystic (Depths:5)
  3 unseen horrors (D:13)
  3 flayed ghosts
  42 deep trolls
  A kraken simulacrum (Shoals:4)
  17 sea snakes
  13 skeletal warriors (Vaults:2)
  5 giant orange brains
  8 wizards
  2 obsidian statues (D:10)
  16 deep elf archers
  28 harpies
  14 orc knights
  19 ironbrand convokers
  60 deep elf magi
  10 necromancers
  A golden dragon skeleton (Depths:4)
  25 orb spiders
  A hill giant (shapeshifter) (Vaults:5)
  4 phantasmal warriors
  11 hill giants
  A harpy (shapeshifter) (Depths:2)
  17 griffons
  34 wolf spiders
  57 ugly things
  7 fauns
  4 orc sorcerers (Orc:2)
  10 manticores
  6 hornets
  7 cyclopes
  4 large abominations (Elf:1)
  2 centaur zombies
  A moth of wrath (shapeshifter) (Vaults:3)
  4 salamanders (Depths:5)
  3 human skeletons (Vaults:2)
  A faun (shapeshifter) (D:15)
  A toenail golem (Volcano)
  2 stone giant skeletons (Vaults:2)
  3 salamanders (shapeshifter) (D:15)
  18 elephants
  2 moths of wrath (Spider:4)
  4 black mambas
  9 water nymphs
  A water nymph (shapeshifter) (Vaults:5)
  7 rust devils
  12 sirens
  3 torpor snails
  2 fire giant skeletons
  3 frost giant skeletons
  14 spiny frogs
  15 vault sentinels
  An ice statue (IceCv)
  A titan simulacrum (Depths:4)
  A spiny frog (shapeshifter) (Depths:4)
  A gargoyle (D:13)
  12 komodo dragons
  A rime drake (shapeshifter) (Vaults:4)
  7 rime drakes
  4 elf zombies
  7 freezing wraiths
  A hellwing (Depths:2)
  A yaktaur skeleton (Vaults:2)
  A spark wasp simulacrum (Depths:4)
  7 anaconda simulacra (IceCv)
  4 guardian mummies (Depths:1)
  41 yaktaurs
  8 ice devils
  14 demonic crawlers
  A golden dragon simulacrum (IceCv)
  A tormentor (Depths:2)
  A queen bee (D:8)
  A troll (shapeshifter) (Depths:3)
  2 polar bears (Lair:6)
  24 jumping spiders
  9 trolls
  2 meliai (shapeshifter) (Depths:3)
  25 merfolk
  A tengu conjurer (D:13)
  7 wind drakes
  A wind drake (shapeshifter) (Vaults:4)
  19 two-headed ogres
  6 boulder beetles
  8 blink frogs
  5 snapping turtles
  An ettin zombie (Depths:1)
  36 slime creatures
  4 centaur simulacra
  66 redbacks
  6 air elementals
  A tarantella (shapeshifter) (Vaults:1)
  46 tarantellas
  2 yaks (shapeshifter)
  20 water elementals
  A wyvern (shapeshifter) (Depths:3)
  2 wraiths
  A vampire (D:13)
  7 wyverns
  4 dire elephant simulacra (IceCv)
  A basilisk (shapeshifter) (Vaults:4)
  68 yaks
  13 hippogriffs
  11 humans
  A golden eye (shapeshifter) (Depths:1)
  3 fire elementals
  3 hungry ghosts
  A chaos spawn (Depths:2)
  A hippogriff (shapeshifter) (Depths:2)
  A basilisk (D:12)
  2 steam dragons
  A death yak simulacrum (IceCv)
  6 vampire mosquitoes
  2 harpy simulacra (IceCv)
  A soldier ant (D:14)
  2 mottled dragons
  8 wargs
  An iron troll simulacrum (IceCv)
  3 hydra simulacra (IceCv)
  14 water moccasins
  A giant eyeball (Depths:3)
  4 porcupines
  5 hell hounds (Hell)
  A sky beast (shapeshifter) (Vaults:4)
  3 sky beasts
  4 ice beasts
  43 orc warriors
  2 black bears
  A wasp (shapeshifter) (Depths:4)
  An eye of draining (D:12)
  9 wasps
  42 ogres
  2 ettin simulacra
  3 wolves (Lair:1)
  6 phantoms
  17 boggarts
  An orc skeleton (Vaults:2)
  An elf skeleton (Vaults:2)
  17 centaurs
  18 crocodiles
  3 big kobolds
  18 giant frogs
  A gnoll sergeant (D:5)
  4 earth elementals
  11 scorpions
  A wyvern skeleton (D:14)
  15 killer bees
  6 wights
  3 electric eels
  4 howler monkeys
  2 giant frog zombies
  10 crimson imps
  4 jellies
  3 quasits (Depths:2)
  3 centaur skeletons
  2 draconian simulacra (IceCv)
  3 giant frog skeletons
  25 orc priests
  6 hounds
  An iguana (shapeshifter) (Vaults:5)
  21 orc wizards
  11 iguanas
  Ijyb (D:8)
  5 hell rats (Lair:2)
  A wolf simulacrum (IceCv)
  9 worker ants
  43 sheep
  2 troll simulacra (IceCv)
  A killer bee zombie (D:9)
  A hound skeleton (D:5)
  4 mummies (Depths:1)
  4 gnolls (D:5)
  A howler monkey skeleton (D:5)
  12 adders
  2 naga simulacra (IceCv)
  4 ogre simulacra (IceCv)
  53 river rats
  8 shadow imps
  7 white imps (IceCv)
  8 ufetubi
  2 oozes
  An adder skeleton (D:8)
  6 worms
  3 dart slugs
  7 giant geckos
  97 orcs
  5 giant cockroaches
  8 goblins
  11 hobgoblins
  27 jackals
  7 quokkas
  14 bats
  A giant gecko skeleton (D:4)
  9 giant newts
  A jackal zombie (D:7)
  14 kobolds
  A quokka skeleton (D:5)
  11 rats
  2 plants
  A tentacle (Shoals:2)
2442 creatures vanquished.

Vanquished Creatures (collateral kills)
  An iron dragon (Vaults:5)
  A yaktaur captain (Vaults:5)
  A dancing weapon (Vaults:5)
  A demonic crawler (Spider:1)
  A tarantella (Spider:1)
5 creatures vanquished.

Vanquished Creatures (others)
  A ghost moth (Spider:4)
  2 yaktaurs (Vaults:5)
  An elf zombie (Depths:4)
  A redback (Spider:4)
  2 ogres
  A hound (D:10)
  2 orcs
  A bush (Depths:4)
  30 fungi
  34 plants
  8 tentacles
83 creatures vanquished.

Grand Total: 2530 creatures vanquished

Notes
Turn   | Place    | Note
-------+----------+-------------------------------------------
     0 | D:1      | Gagarin the Gargoyle Earth Elementalist began the quest for the Orb.
     0 | D:1      | Reached XP level 1. HP: 10/10 MP: 3/3
   219 | D:1      | Reached XP level 2. HP: 15/15 MP: 1/5
   955 | D:1      | Reached XP level 3. HP: 17/19 MP: 2/7
  1232 | D:2      | Found a faded altar of an unknown god.
  1380 | D:2      | Found a hide-covered altar of Uskayaw.
  1651 | D:2      | Reached XP level 4. HP: 21/24 MP: 4/8
  1666 | D:2      | Learned a level 3 spell: Stone Arrow
  2561 | D:3      | Found a radiant altar of Vehumet.
  2572 | D:3      | Became a worshipper of Vehumet
  2730 | D:3      | Found a sparkling altar of Nemelex Xobeh.
  2756 | D:3      | Noticed Grinder
  2781 | D:3      | Paralysed by Grinder for 2 turns
  2926 | D:4      | Reached skill level 5 in Earth Magic
  2926 | D:4      | Reached XP level 5. HP: 28/28 MP: 7/11
  2932 | D:4      | Found a snail-covered altar of Cheibriados.
  3243 | D:4      | Reached skill level 1 in Conjurations
  3243 | D:4      | Reached XP level 6. HP: 32/32 MP: 8/12
  3442 | D:4      | Reached skill level 5 in Spellcasting
  3707 | D:4      | Reached XP level 7. HP: 36/36 MP: 0/14
  4132 | D:5      | Entered Level 5 of the Dungeon
  4298 | D:5      | Reached skill level 1 in Staves
  4365 | D:5      | Reached * piety under Vehumet
  4365 | D:5      | Offered knowledge of Freeze by Vehumet.
  4367 | D:5      | Reached skill level 1 in Fighting
  4479 | D:5      | Learned a level 5 spell: Lee's Rapid Deconstruction
  4556 | D:5      | Found a glowing silver altar of Zin.
  4556 | D:5      | Found an opulent altar of Gozag.
  4912 | D:5      | Reached XP level 8. HP: 44/44 MP: 3/16
  4994 | D:5      | Found a staircase to the Ecumenical Temple.
  5173 | D:5      | Found a deep blue altar of Sif Muna.
  5176 | D:5      | Found a shattered altar of Ashenzari.
  5179 | D:5      | Found a burning altar of Makhleb.
  5434 | D:5      | Found a sparkling altar of Nemelex Xobeh.
  5904 | D:6      | Offered knowledge of Flame Tongue by Vehumet.
  5913 | D:6      | Reached ** piety under Vehumet
  6157 | D:6      | Reached XP level 9. HP: 51/51 MP: 7/19
  6329 | D:7      | Found Xisayrph's Assorted Antiques.
  6380 | D:7      | Bought a scroll labeled NUOJUJ KOESAS for 26 gold pieces
  6478 | D:7      | Found Liaph's Magic Scroll Shop.
  6506 | D:7      | Bought a scroll of blinking for 97 gold pieces
  6506 | D:7      | Bought a scroll of magic mapping for 45 gold pieces
  6507 | D:7      | Found an iron altar of Okawaru.
  6529 | D:7      | Reached skill level 1 in Evocations
  7022 | D:8      | Noticed a two-headed ogre
  7024 | D:8      | Noticed epen's ghost (novice MfMo)
  7137 | D:8      | Found a stormy altar of Qazlal.
  7137 | D:8      | Found a blossoming altar of Fedhas.
  7155 | D:8      | Reached skill level 5 in Conjurations
  7157 | D:8      | Noticed a queen bee
  7378 | D:8      | Found a runed door.
  7393 | D:8      | Offered knowledge of Static Discharge by Vehumet.
  7731 | D:8      | Killed a two-headed ogre
  7731 | D:8      | Reached XP level 10. HP: 44/58 MP: 14/21
  7779 | D:8      | Reached *** piety under Vehumet
  8014 | D:8      | Got an encrusted shield
  8126 | D:7      | Identified the +1 shield of the Forgotten Realms {-Tele Dex+7 SInv} (You found it on level 8 of the Dungeon)
  8594 | D:9      | Learned a level 6 spell: Bolt of Cold
  8730 | D:9      | Offered knowledge of Mephitic Cloud by Vehumet.
  8747 | D:9      | Noticed a hill giant
  8751 | D:9      | Killed a hill giant
  8751 | D:9      | Reached skill level 5 in Fighting
  8793 | D:9      | Noticed Erolcha
  8799 | D:9      | Killed Erolcha
  8799 | D:9      | Reached skill level 5 in Staves
  8799 | D:9      | Reached skill level 1 in Ice Magic
  9507 | D:8      | Found a runed door.
  9877 | D:8      | Killed epen's ghost
  9878 | D:8      | Reached XP level 11. HP: 46/64 MP: 10/23
 10140 | D:8      | Found a staircase to the Lair.
 10333 | D:8      | Noticed Ijyb
 10349 | D:8      | Killed Ijyb
 10481 | D:8      | Found a runed door.
 10602 | Lair:1   | Entered Level 1 of the Lair of Beasts
 10645 | Lair:1   | Found a dark tunnel.
 10656 | Volcano  | Entered a volcano
 10770 | Volcano  | Reached **** piety under Vehumet
 10861 | Volcano  | Noticed 4thArraOfDagon's ghost (novice MiBe)
 11017 | Lair:1   | Offered knowledge of Airstrike by Vehumet.
 11643 | Lair:1   | Reached skill level 5 in Dodging
 12022 | Lair:1   | Reached XP level 12. HP: 71/71 MP: 14/25
 12181 | Lair:1   | Reached ***** piety under Vehumet
 12796 | Lair:2   | Offered knowledge of Bolt of Magma by Vehumet.
 12878 | Lair:2   | Reached skill level 10 in Spellcasting
 13778 | Lair:3   | Reached skill level 5 in Evocations
 14555 | Lair:3   | Noticed a six-headed hydra
 14563 | Lair:3   | Killed a six-headed hydra
 14588 | Lair:3   | Reached skill level 10 in Earth Magic
 14884 | Lair:3   | Got a dazzling cloak
 14895 | Lair:3   | Identified the +0 cloak of the Invisible Hand {Dex+5} (You found it on level 3 of the Lair of Beasts)
 14922 | Lair:3   | Found a staircase to the Shoals.
 15019 | Lair:3   | Found a hole to the Spider Nest.
 15052 | Lair:3   | Reached skill level 5 in Ice Magic
 15079 | Lair:3   | Noticed a catoblepas
 15091 | Lair:3   | Killed a catoblepas
 15465 | Lair:3   | Reached XP level 13. HP: 49/78 MP: 4/27
 16360 | Lair:4   | Noticed Rupert
 16445 | Lair:4   | Noticed Sonja
 16632 | Lair:4   | Killed Sonja
 17084 | Lair:5   | Offered knowledge of Venom Bolt by Vehumet.
 17453 | Lair:5   | Learned a level 5 spell: Venom Bolt
 17506 | Lair:5   | Found a runed door.
 17507 | Lair:5   | Found a viscous altar of Jiyva.
 17508 | Lair:5   | Found a staircase to the Slime Pits.
 18177 | Lair:6   | Entered Level 6 of the Lair of Beasts
 19031 | Lair:6   | Got a clouded ivory ring
 19032 | Lair:6   | Identified the ring of the King {rC+ Int+3 SInv Stlth-} (You found it on level 6 of the Lair of Beasts)
 19104 | Lair:6   | Gained mutation: Your large and strong wings let you fly indefinitely. [Gargoyle growth]
 19104 | Lair:6   | Reached XP level 14. HP: 86/86 MP: 11/28
 20076 | Lair:6   | Offered knowledge of Iron Shot by Vehumet.
 20252 | Lair:6   | Learned a level 6 spell: Iron Shot
 20293 | Lair:6   | Got a vibrating brass ring
 20301 | Lair:6   | Identified the ring "Buodev" {MP+9 Slay+2} (You found it on level 6 of the Lair of Beasts)
 21387 | Lair:4   | Killed Rupert
 21632 | D:10     | Entered Level 10 of the Dungeon
 21674 | D:10     | Found a staircase to the Orcish Mines.
 21737 | D:10     | Reached skill level 10 in Conjurations
 21760 | D:10     | Found Comea's Antique Weapon Shop.
 21824 | D:10     | Noticed Snorg
 21827 | D:10     | Killed Snorg
 21988 | D:10     | Noticed Fannar
 22215 | D:10     | Found a blossoming altar of Fedhas.
 22431 | D:10     | Killed Fannar
 22891 | Orc:1    | Entered Level 1 of the Orcish Mines
 22958 | Orc:1    | Found Gufucw's Book Shoppe.
 22983 | Orc:1    | Bought a book of Conjurations for 510 gold pieces
 22996 | Orc:1    | Learned a level 5 spell: Iskenderun's Battlesphere
 23211 | Orc:2    | Entered Level 2 of the Orcish Mines
 23238 | Orc:2    | Found a radiant altar of Vehumet.
 23557 | Orc:2    | Noticed a stone giant
 23557 | Orc:2    | Offered knowledge of Delayed Fireball by Vehumet.
 23571 | Orc:2    | Killed a stone giant
 23571 | Orc:2    | Reached XP level 15. HP: 42/92 MP: 1/30
 23896 | Orc:2    | Reached skill level 1 in Charms
 23930 | Orc:2    | Found a flickering gateway to a bazaar.
 23963 | Bazaar   | Entered a bazaar
 23963 | Bazaar   | Found Zaqodwuq's Assorted Antiques.
 23967 | Bazaar   | Found Texy's Armour Shop.
 23982 | Bazaar   | Found Ydihoax's Gadget Shoppe.
 23987 | Bazaar   | Found Asekhlih's Distillery.
 23997 | Bazaar   | Found Efoshaf's Jewellery Shoppe.
 24014 | Bazaar   | Bought a potion of heal wounds for 50 gold pieces
 24014 | Bazaar   | Bought 2 potions of curing for 60 gold pieces
 24014 | Bazaar   | Bought a potion of haste for 100 gold pieces
 24164 | Orc:2    | Found a staircase to the Elven Halls.
 24421 | Orc:2    | Paralysed by an orc sorcerer for 5 turns
 24427 | Orc:2    | Reached skill level 10 in Fighting
 24826 | Orc:2    | Found Wisitt's Jewellery Shop.
 24826 | Orc:2    | Found Nemew's Armour Emporium.
 24835 | Orc:2    | Found Peabb's Weapon Emporium.
 24835 | Orc:2    | Found Hischahue's Weapon Shop.
 24895 | Orc:2    | Bought an uncursed ring of resist corrosion for 300 gold pieces
 24944 | Orc:2    | Found a roughly hewn altar of Beogh.
 25378 | Orc:1    | Found Iiuk's Incredible Inventory.
 25388 | Orc:1    | Bought a scroll of identify for 24 gold pieces
 25428 | Orc:1    | Found Ziria's Antique Weapon Shoppe.
 25440 | Orc:1    | Found Dusar's Magic Scroll Emporium.
 25444 | Orc:1    | Found Gaelily's Antique Weapon Boutique.
 25445 | Orc:1    | Bought a scroll of acquirement for 624 gold pieces
 25445 | Orc:1    | Bought a scroll of identify for 24 gold pieces
 25445 | Orc:1    | Bought a scroll of identify for 24 gold pieces
 25445 | Orc:1    | Bought a scroll of identify for 24 gold pieces
 25688 | Lair:1   | Learned a level 6 spell: Freezing Cloud
 25954 | D:11     | Noticed Harold
 25961 | D:11     | Killed Harold
 26041 | D:11     | Found a stormy altar of Qazlal.
 27015 | D:12     | Offered knowledge of Orb of Destruction by Vehumet.
 27224 | D:12     | Noticed Urug
 27234 | D:12     | Killed Urug
 27317 | D:12     | Noticed Gastronok
 27324 | D:12     | Killed Gastronok
 29461 | D:14     | Found a gate to the Vaults.
 29469 | D:14     | Reached XP level 16. HP: 50/99 MP: 14/32
 30091 | D:15     | Entered Level 15 of the Dungeon
 30093 | D:15     | Reached ****** piety under Vehumet
 30093 | D:15     | Offered knowledge of Spellforged Servitor by Vehumet.
 30193 | D:15     | Reached skill level 10 in Staves
 30657 | D:15     | Gained mutation: You are resistant to hostile enchantments. (MR+) [potion of beneficial mutation]
 30975 | D:7      | Bought a dented steel amulet for 130 gold pieces
 31381 | Shoals:1 | Entered Level 1 of the Shoals
 32971 | Shoals:2 | Noticed a kraken
 32976 | Shoals:2 | Killed a kraken
 34308 | Shoals:3 | Offered knowledge of Conjure Ball Lightning by Vehumet.
 34716 | Shoals:3 | Reached XP level 17. HP: 104/104 MP: 30/34
 34717 | Shoals:3 | Upgraded the game from 0.19-a0-1193-g2641e52 to 0.19-a0-1223-gf83d13a
 35281 | Shoals:4 | Entered Level 4 of the Shoals
 35683 | Shoals:4 | Gained mutation: You are partially covered in yellow scales. (AC +2) [potion of beneficial mutation]
 35834 | Shoals:4 | Reached skill level 10 in Ice Magic
 36056 | Shoals:4 | Got a barnacled rune of Zot
 36186 | Shoals:4 | Noticed Ilsuiw
 36191 | Shoals:4 | Killed Ilsuiw
 36191 | Shoals:4 | Reached skill level 1 in Air Magic
 36663 | Shoals:4 | Noticed Polyphemus
 36686 | Shoals:4 | Killed Polyphemus
 37407 | Lair:1   | Upgraded the game from 0.19-a0-1223-gf83d13a to 0.19-a0-1225-gf887c1c
 37417 | Lair:1   | Learned a level 6 spell: Ozocubu's Refrigeration
 37514 | Spider:1 | Entered Level 1 of the Spider Nest
 38146 | Spider:1 | Reached XP level 18. HP: 103/112 MP: 33/35
 39135 | Spider:2 | Offered knowledge of Lehudib's Crystal Spear by Vehumet.
 39135 | Spider:2 | Offered knowledge of Shatter by Vehumet.
 39135 | Spider:2 | Offered knowledge of Tornado by Vehumet.
 39404 | Spider:2 | Found a frozen archway.
 39418 | IceCv    | Entered an ice cave
 39914 | IceCv    | Noticed an Ice Fiend
 39920 | IceCv    | Killed an Ice Fiend
 39996 | IceCv    | Got a coiled silver ring
 40015 | IceCv    | Got a pair of heavily runed boots
 40028 | IceCv    | Identified the +2 pair of boots of Calculation {rF+ Int+4} (You found it in an ice cave)
 40269 | Lair:1   | Identified the ring "Yryuj" {rF+ MR++ Int+3 Dex+2 Stlth+} (You found it in an ice cave)
 41139 | Spider:3 | Got a smelly ring mail
 41334 | Spider:3 | Reached skill level 10 in Dodging
 42267 | Spider:4 | Entered Level 4 of the Spider Nest
 42392 | Spider:4 | Noticed Agnes
 42395 | Spider:4 | Killed Agnes
 43295 | Spider:4 | Reached XP level 19. HP: 118/118 MP: 29/37
 43302 | Spider:4 | Noticed Jorgrun
 43308 | Spider:4 | Killed Jorgrun
 43753 | Spider:4 | Noticed Arachne
 43793 | Spider:4 | Killed Arachne
 43993 | Spider:4 | Got a gossamer rune of Zot
 44207 | Spider:4 | Reached skill level 15 in Earth Magic
 44456 | Spider:4 | Noticed Louise
 44458 | Spider:4 | Killed Louise
 45142 | Lair:1   | Identified the +5 ring mail of Sunlight {rElec rC+ Stlth-} (You found it on level 3 of the Spider Nest)
 45173 | Lair:1   | Learned a level 4 spell: Passage of Golubria
 45407 | Vaults:1 | Entered Level 1 of the Vaults
 45766 | Vaults:1 | Reached skill level 1 in Translocations
 46333 | Vaults:1 | Noticed Saint Roka
 46345 | Vaults:1 | Killed Saint Roka
 46418 | Vaults:1 | Noticed Asterion
 46603 | Vaults:1 | Killed Asterion
 47477 | Vaults:2 | Reached XP level 20. HP: 119/125 MP: 17/38
 48180 | Vaults:2 | Reached skill level 15 in Spellcasting
 48713 | Vaults:2 | Found a staircase to the Crypt.
 51523 | Vaults:3 | Reached skill level 1 in Shields
 51711 | Vaults:4 | Reached XP level 21. HP: 97/131 MP: 35/40
 51738 | Vaults:4 | Got a translucent great sword
 51830 | Vaults:4 | Got a pair of faintly humming boots
 51834 | Vaults:4 | Identified the Catalogue of Confrontation
 51875 | Vaults:4 | Found Lauffov's General Store.
 51906 | Vaults:4 | Identified the +1 pair of boots of Caniag {Int+2} (You found it on level 4 of the Vaults)
 53863 | Lair:1   | Identified the +7 great sword "Qirhu" {drain, rPois MR+ Str+3} (You found it on level 4 of the Vaults)
 54543 | D:15     | Found a staircase to the Depths.
 54642 | Depths:1 | Entered Level 1 of the Depths
 54684 | Depths:1 | Reached skill level 5 in Shields
 55339 | Depths:1 | Reached XP level 22. HP: 120/138 MP: 33/42
 55644 | Depths:1 | Found a gateway to Hell.
 55676 | Depths:1 | Reached skill level 15 in Conjurations
 56577 | Depths:2 | Learned a level 8 spell: Lehudib's Crystal Spear
 56784 | Depths:2 | Found a gateway to a ziggurat.
 58036 | Depths:2 | Found a one-way gate leading to the halls of Pandemonium.
 58216 | Depths:3 | Noticed a golden dragon
 58221 | Depths:3 | Noticed a golden dragon
 58221 | Depths:3 | Killed a golden dragon
 58227 | Depths:3 | Killed a golden dragon
 58250 | Depths:2 | Reached XP level 23. HP: 99/143 MP: 12/43
 58538 | Depths:3 | Noticed a golden dragon
 58550 | Depths:3 | Killed a golden dragon
 58964 | Depths:3 | Noticed a golden dragon
 59133 | Depths:3 | Killed a golden dragon
 59831 | Depths:3 | Noticed Duffy's ghost (adept MiFi)
 59836 | Depths:3 | Killed Duffy's ghost
 60291 | Depths:4 | Paralysed by a giant eyeball for 4 turns
 61001 | Depths:4 | Reached XP level 24. HP: 128/148 MP: 4/44
 61482 | Depths:4 | Noticed a caustic shrike
 61482 | Depths:4 | Noticed a caustic shrike
 61482 | Depths:4 | Noticed a caustic shrike
 61485 | Depths:4 | Noticed a caustic shrike
 61489 | Depths:4 | Killed a caustic shrike
 61492 | Depths:4 | Killed a caustic shrike
 61498 | Depths:4 | Noticed a caustic shrike
 61521 | Depths:3 | Killed a caustic shrike
 62303 | Depths:4 | Got a ripped robe
 62325 | Depths:4 | Identified the +3 robe of Indomitability {-Tele rCorr Int+2 Dex+7} (You took it off a spriggan berserker on level 4 of the Depths)
 62586 | Depths:4 | Identified the Volume of the Blaze and Evil Magic
 62665 | Depths:4 | Reached skill level 10 in Evocations
 62700 | Depths:4 | Found a one-way gate to the infinite horrors of the Abyss.
 63328 | Depths:4 | Found Ucwoasmaed's Gadget Boutique.
 63328 | Depths:4 | Found Mafuy's Jewellery Shoppe.
 63329 | Depths:4 | Found Wiyvvopn's Gadget Boutique.
 63342 | Depths:4 | Bought a +1 rod of inaccuracy (13/13) for 1710 gold pieces
 63351 | Depths:5 | Entered Level 5 of the Depths
 63354 | Depths:5 | Reached skill level 10 in Shields
 64044 | Depths:5 | Found a gate to the Realm of Zot.
 64265 | Depths:5 | Reached skill level 15 in Ice Magic
 64358 | Depths:5 | Reached XP level 25. HP: 153/153 MP: 22/45
 64915 | Lair:1   | Learned a level 9 spell: Glaciate
 65044 | Elf:1    | Entered Level 1 of the Elven Halls
 65310 | Elf:1    | Found Wuoxetel's Assorted Antiques.
 65318 | Elf:1    | Bought 2 potions of curing for 144 gold pieces
 65858 | Elf:1    | Identified Igofij's Handbook of Darkness
 67007 | Elf:2    | Found a runed gate.
 67007 | Elf:2    | Found a runed gate.
 67009 | Elf:2    | Found a runed gate.
 68196 | Elf:3    | Entered Level 3 of the Elven Halls
 68274 | Elf:3    | Noticed Roxanne
 68277 | Elf:3    | Killed Roxanne
 68303 | Elf:3    | Identified Roxanne's Compendium of Changing (You took it off Roxanne on level 3 of the Elven Halls)
 68341 | Elf:3    | Found Pimny's Antique Weapon Shoppe.
 68341 | Elf:3    | Noticed Donald
 68344 | Elf:3    | Killed Donald
 69019 | Elf:3    | Reached XP level 26. HP: 159/159 MP: 10/46
 69051 | Elf:3    | Got a coiled brass ring
 69122 | Elf:3    | Identified the cursed ring of Nabeirum {rC- EV-3 Dex+4 Stlth+} (You took it off a deep elf annihilator on level 3 of the Elven Halls)
 69142 | Elf:3    | Identified the Volume of Torrid Changing
 69179 | Elf:3    | Got a pair of scorched gloves
 69190 | Elf:3    | Identified the -4 pair of gloves of Pragmatism {*Contam rPois rC+ Int+4} (You acquired it on level 3 of the Elven Halls)
 70075 | Elf:3    | Got a sparkling brass amulet
 70091 | Elf:3    | Identified the Catalogue of Floating Envenoming
 70183 | Elf:3    | Identified the amulet of Kononiar {+Inv Regen+ Str+5 Dex-2} (You found it on level 3 of the Elven Halls)
 70187 | Elf:3    | Got a glittering platinum ring
 70193 | Elf:3    | Identified the ring "Voaqeasch" {+Inv rPois} (You took it off a deep elf sorcerer on level 3 of the Elven Halls)
 70792 | Vaults:5 | Entered Level 5 of the Vaults
 71673 | Vaults:5 | Noticed Sojobo
 71772 | Vaults:5 | Killed Sojobo
 72500 | Vaults:5 | Reached XP level 27. HP: 134/164 MP: 23/47
 72980 | Vaults:5 | Got a silver rune of Zot
 73450 | Lair:1   | Learned a level 9 spell: Shatter
 73703 | Hell     | Entered the Vestibule of Hell
 73703 | Hell     | Noticed Geryon
 73715 | Hell     | Killed Geryon
 73928 | Hell     | Slain by a dire elephant simulacrum

Vault maps used:
D:1:      evilmike_arrival_run_for_it
D:2:      lemuel_doored_altar, serial_forest, infiniplex_forest_zigzag_2,
          infiniplex_forest_clump_long, infiniplex_forest_end_2,
          infiniplex_forest_lined_corner, ecumenical_altar_1, solitary_fountain
D:3:      marbit_many_paths, nemelex_xobeh_ov_fountains_minmay,
          vehumet_crystals, eino_tiny_chamber, grunt_ministairs_15,
          uniq_terence, uniq_grinder
D:4:      lemuel_crystal_altar, first_bread
D:5:      grunt_temple_overflow_gold_and_silver, nicolae_overflow_hidden_temple,
          serial_aquarium, aquarium_bridge_square, aquarium_window_1,
          aquarium_window_corner, aquarium_view_2d, aquarium_view_2d,
          aquarium_pool_corner, minivault_5, nemelex_diamond_rough_becter
D:6:      small_statue_alley_b
D:7:      serial_shops, nicolae_shop_waterfront, shop, okawaru_metal_pillars_1_2
D:8:      erik_cavepeople, grunt_temple_overflow_forces_of_nature,
          grunt_lair_entry_orc_guard_hut, david_nohive_1
D:9:      uniq_erolcha
D:10:     david_orc_3, basic_altar, serial_shops, shop, david_greed, uniq_snorg,
          uniq_fannar
D:11:     serial_curves, eino_curves_02, eino_curves_02, grunt_qazlal_clouds,
          uniq_harold
D:12:     serial_column_ruins, column_ruins_hut_ruined,
          column_ruins_corridor_straight, column_ruins_corridor_dead_end,
          column_ruins_grid_1, column_ruins_columns_water,
          column_ruins_open_tiny, column_ruins_grid_2, column_ruins_open_medium,
          uniq_urug, uniq_gastronok
D:13:     hangedman_batty
D:14:     erik_vaults_2, nicolae_wwwww
D:15:     gammafunk_enter_depths_forms, minmay_misc_feat_tower
Lair:1:   nicolae_volcano_entry_lava_flow, grunt_forest_large_clearings
Lair:3:   shoals_dummy_entry, nicolae_spider_entry_orb_guardian
Lair:4:   st_stairs_13, uniq_rupert, uniq_sonja
Lair:5:   slime_altar_2
Lair:6:   gammafunk_lair_ancient_temple
Shoals:4: shoals_end_grunt_ice, shoal_ilsuiw, uniq_polyphemus
Spider:2: portal_ice_cave_entry_dragon
Spider:4: johnstein_spider_rune_arachne_lair, uniq_jorgrun, uniq_louise,
          uniq_agnes
Orc:1:    serial_shops, shop, nicolae_shop_stone, shop,
          nicolae_shop_window_shopping, nicolae_alphabet_shops
Orc:2:    grunt_orc_tribal_feast, basic_altar, serial_shops, freezing_bzr,
          minmay_orc_temple_c
Elf:1:    serial_shops, shop, minmay_elf_necromancy, lemuel_flamethrower_hall
Elf:3:    minmay_elf_hall_x, serial_shops, shop, uniq_bai_suzhen, uniq_donald,
          uniq_roxanne
Vaults:1: v_misc_19, vaults_mumra_lcd, vaults_dpeg_ring,
          nicolae_vaults_angled_halls, nicolae_vaults_sealed_display,
          vaults_room_semicircle, nicolae_vaults_angled_halls,
          ontoclasm_vaults_shuriken, uniq_asterion, uniq_saint_roka
Vaults:2: v_misc_23, nicolae_vaults_ninety_degrees, v_alt_pattern_4,
          nicolae_vaults_octagons, nicolae_vaults_diagonal_hallway_8,
          grunt_vaults_funnel, ontoclasm_vaults_decontamination,
          nicolae_vaults_diagonal_hallway_8, minmay_crypt_entry_skeletal_spiral,
          hangedman_vaults_cutoff, ontoclasm_vaults_ligature,
          vaults_standard_mumra_enter_the_diamond, v_misc_1, v_misc_9
Vaults:3: nicolae_vaults_little_squares_4, ontoclasm_vaults_loading_screen,
          nicolae_vaults_gold_heap, nicolae_vaults_little_squares_5,
          hangedman_vaults_locks, v_misc_26, ontoclasm_vaults_water_temple,
          nicolae_vaults_rhombus_6, v_alt_pattern_4,
          nicolae_vaults_bisected_exclaves, hangedman_vaults_stream,
          vaults_dpeg_cross, vaults_mumra_chevron_long, serial_shops,
          bzr_entry_customers
Vaults:4: hangedman_vaults_nodes, v_pattern_2, ontoclasm_vaults_ring_large,
          v_rooms_2, vaults_standard_mumra_lines,
          vaults_room_hangedman_quadrants, hangedman_vaults_corner_blocks,
          ontoclasm_vaults_loading_screen, nicolae_vaults_network_s,
          v_alt_pattern_3, vaults_room_corners, vaults_room_large_hall,
          vaults_dpeg_hooks, vaults_room_semicircle, vaults_room_ringed_pool,
          serial_shops, shop
Vaults:5: uniq_sojobo
Depths:1: hell_entry, serial_sigils_hangedman_writhe, minmay_misc_feat_chi,
          minmay_guarded_unrand_curses
Depths:2: minmay_box_of_statues, enter_ziggurat_c, pf_coc_iceberg,
          grunt_pan_entry_in_and_out, minmay_staircase_windowed_large
Depths:3: minmay_dotted_concentric_squares, hell_entry,
          kennysheep_cross_bottleneck, pan_entry
Depths:4: grunt_crosshair, pf_dread_powers_of_hell, hangedman_glass_teeth,
          abyss_entry, minmay_shop_grove
Depths:5: evilmike_zot_entry_hall, hell_entry
Bazaar:   bazaar_kb_twisted_cavern
IceCv:    ice_cave_caverns_01
Volcano:  volcano_bunker

Skill      XL: |  1  2  3  4  5  6  7  8  9 10 11 12 13 14 15 16 17 18 19 20 21 22 23 24 25 26 27 |
---------------+----------------------------------------------------------------------------------+-----
Earth Magic    | 4 5 6 7 8 9 10 11 12 13 14 15 16 17 18 19 20 | 20.2
Spellcasting   | 3 4 5 6 7 8 9 10 11 12 13 14 15 16 17 18 19 20 | 20.5
Conjurations   | 1 2 3 4 5 6 7 8 9 10 11 12 13 14 15 16 17 18 | 18.6
Staves         | 2 3 4 5 6 7 8 9 10 11 12 13 | 13.7
Fighting       | 1 3 4 5 6 7 9 10 11 12 13 14 | 14.5
Dodging        | 2 3 4 5 6 7 8 9 10 11 12 13 | 13.9
Evocations     | 2 3 4 5 6 7 8 9 10 11 | 11.3
Ice Magic      | 1 3 5 6 7 8 9 10 11 12 13 14 15 16 17 | 17.1
Charms         | 2 |  2.1
Air Magic      | 2 3 |  3.2
Translocations | 1 4 |  4.2
Shields        | 1 5 7 9 10 | 10.0
Stealth        | |  2.1
Transmutations | |  0.7

Action                   |  1- 3 |  4- 6 |  7- 9 | 10-12 | 13-15 | 16-18 | 19-21 | 22-24 | 25-27 || total
-------------------------+-------+-------+-------+-------+-------+-------+-------+-------+-------++-------
Melee: Unarmed           |     3 |       |       |       |       |       |       |       |       ||     3
       Spear             |    38 |    40 |       |       |       |       |       |       |       ||    78
       Club              |     3 |       |       |       |       |       |       |       |       ||     3
       Quarterstaff      |       |     1 |   149 |   436 |   653 |    12 |       |       |       ||  1251
       Staff             |       |       |       |       |       |   605 |   542 |   318 |   207 ||  1672
Throw: Stone             |       |       |       |       |       |       |     1 |       |     2 ||     3
 Cast: Sandblast         |    64 |   109 |    73 |    79 |   244 |    13 |     3 |     4 |     2 ||   591
       Stone Arrow       |       |     2 |    68 |   213 |   327 |   421 |    30 |     9 |     2 ||  1072
       Lee's Rapid Decon |       |       |     6 |    61 |    61 |    76 |    85 |    56 |    77 ||   422
       Iron Shot         |       |       |       |       |    83 |    93 |   213 |   224 |   163 ||   776
       Venom Bolt        |       |       |       |       |    33 |     1 |       |       |       ||    34
       Iskenderun's Batt |       |       |       |       |     2 |     5 |     1 |     3 |       ||    11
       Bolt of Cold      |       |       |       |       |    22 |    84 |    66 |    60 |    52 ||   284
       Freezing Cloud    |       |       |       |       |       |    10 |    38 |    19 |    11 ||    78
       Ozocubu's Refrige |       |       |       |       |       |     3 |    15 |    26 |    15 ||    59
       Passage of Golubr |       |       |       |       |       |       |     4 |       |     4 ||     8
       Lehudib's Crystal |       |       |       |       |       |       |       |    87 |    43 ||   130
       Shatter           |       |       |       |       |       |       |       |       |     1 ||     1
 Abil: Fly               |       |       |       |       |     1 |       |       |       |       ||     1
Evoke: Wand              |       |       |     5 |     3 |    13 |    10 |    12 |     9 |    21 ||    73
       Phantom mirror    |       |       |       |       |       |     1 |       |     1 |     2 ||     4
       Phial of floods   |       |       |       |       |       |     1 |       |       |       ||     1
       Crystal ball of e |       |       |       |       |       |       |    15 |    22 |     4 ||    41
       Lamp of fire      |       |       |       |       |       |       |       |     3 |       ||     3
       Rod               |       |       |       |       |       |       |       |       |    17 ||    17
       Sack of spiders   |       |       |       |       |       |       |       |       |     2 ||     2
  Use: Scroll            |     5 |     2 |     8 |     4 |    14 |    23 |     9 |     6 |    19 ||    90
       Potion            |       |     1 |       |     1 |     2 |    10 |     5 |     3 |       ||    22
 Stab: Sleeping          |       |       |     1 |     1 |     4 |       |     2 |       |       ||     8
       Confused          |       |       |       |     1 |       |       |       |       |       ||     1
       Distracted        |       |       |       |       |       |     2 |     2 |       |       ||     4
  Eat: Chunk             |     3 |     6 |    17 |    39 |    81 |    75 |    44 |    34 |    30 ||   329
       Pizza             |       |       |       |       |     1 |     1 |       |       |       ||     2
       Meat ration       |       |       |       |       |     1 |       |       |     2 |     2 ||     5
       Fruit             |       |       |       |       |     1 |       |       |     3 |       ||     4
       Beef jerky        |       |       |       |       |       |     3 |     1 |       |       ||     4
       Bread ration      |       |       |       |       |       |     1 |     2 |       |       ||     3
Armor: Robe              |    31 |    50 |    73 |   186 |   369 |   587 |   215 |   194 |   189 ||  1894
Dodge: Dodged            |    65 |    88 |   216 |   497 |   984 |   980 |   504 |   383 |   360 ||  4077
Block: Shield            |       |       |       |       |       |       |    14 |    61 |   251 ||   326
       Buckler           |       |       |       |       |       |       |       |    93 |    37 ||   130
       Reflection        |       |       |       |       |       |       |       |     6 |    30 ||    36
